[Event "*** Titled Tuesday Blitz"]
[Site "Chess.com"]
[Date "2020.12.01"]
[Round "5"]
[White "AldokhinIvan"]
[Black "oezs95"]
[Result "1-0"]
[WhiteElo "2494"]
[BlackElo "2320"]
[TimeControl "180+1"]
[EndTime "10:52:04 PST"]
[Termination "AldokhinIvan won on time"]

1. e4 c5 2. Nf3 e6 3. d4 cxd4 4. Nxd4 a6 5. Nc3 Qc7 6. Bd3 Nf6 7. Qe2 Bd6 8. Bd2 Nc6 9. Nxc6 dxc6 10. h3 e5 11. a4 O-O 12. O-O Be6 13. a5 Bc5 14.
Na4 Bd4 15. c3 Ba7 16. Be3 Bxe3 17. Qxe3 Qxa5 18. Nb6 1-0

[Event "*** Titled Tuesday Blitz"]
[Site "Chess.com"]
[Date "2020.12.01"]
[Round "5"]
[White "kinga2008"]
[Black "Dreamer_01"]
[Result "0-1"]
[WhiteElo "2169"]
[BlackElo "2375"]
[TimeControl "180+1"]
[EndTime "10:52:05 PST"]
[Termination "Dreamer_01 won by resignation"]

1. e4 c6 2. d4 d6 3. e5 dxe5 4. dxe5 Qa5+ 5. Nc3 Qxe5+ 6. Be3 Nf6 7. Nf3 Qc7 8. Bc4 e6 9. O-O Be7 10. Qd2 O-O 11.
Bd3 Nbd7 12. Ne4 Nxe4 13. Bxe4 Nf6 14. Bd3 e5 15. Ng5 h6 16. Ne4 Nxe4 17. Bxe4 f5 18. Bd3 f4 19. Bc4+ Kh8 20. Bxf4 exf4 21. Rae1 Bf5 22.
Bd3 Bxd3 23. Qxd3 f3 24. g3 Bc5 25. Qg6 Qf7 26. Qe4 Qf5 27. Qxf5 Rxf5 28. c3 Rff8 29. b4 Bb6 30. Re6 Rad8 31. a4 Rfe8 32. Rg6 Rd2 33.
c4 Bxf2+ 34. Kh1 Re1 0-1

[Event "*** Titled Tuesday Blitz"]
[Site "Chess.com"]
[Date "2020.12.01"]
[Round "5"]
[White "pavelalexandru07"]
[Black "KonstantinB_1983"]
[Result "0-1"]
[WhiteElo "2350"]
[BlackElo "2522"]
[TimeControl "180+1"]
[EndTime "10:52:07 PST"]
[Termination "KonstantinB_1983 won by resignation"]

1. e4 c6 2. d4 d5 3. e5 Bf5 4. Nf3 e6 5. Be2 Nd7 6. O-O Bg6 7. Nbd2 Nh6 8. Nb3 Be7 9. Bxh6 gxh6 10. Qd2 h5 11. Qh6 Bf8 12. Qf4 Bxc2 13. Ng5 Bg6 14. Bd3 Qe7 15. Bxg6 hxg6 16. Na5 Rb8 17. Rac1 h4 18.
Rxc6 Bh6 19. Rfc1 O-O 0-1

[Event "*** Titled Tuesday Blitz"]
[Site "Chess.com"]
[Date "2020.12.01"]
[Round "5"]
[White "tomsishere"]
[Black "klimkoj"]
[Result "0-1"]
[WhiteElo "2407"]
[BlackElo "2632"]
[TimeControl "180+1"]
[EndTime "10:52:09 PST"]
[Termination "klimkoj won by resignation"]

1. Nf3 c5 2. e3 g6 3. b3 Bg7 4. d4 cxd4 5. Bb2 Nc6 6. Nxd4 Nxd4 7. Bxd4 Nf6 8. c4 O-O 9. Be2 d6 10. O-O Bd7 11. Bf3 Bc6 12. Bxc6 bxc6 13. Qf3 e5 14.
Bb2 Qc7 15. Nc3 Rad8 16. e4 Nd7 17. Rfd1 Nc5 18. Ba3 f5 19. Bxc5 dxc5 20. Na4 Qe7 21. Qe3 Rd4 22. exf5 gxf5 23. Rd2 f4 24. Qe1 f3 25. g3 Qd7 26. Rad1 Rd8 27. Nxc5 Qh3 28. Qf1 0-1

[Event "*** Titled Tuesday Blitz"]
[Site "Chess.com"]
[Date "2020.12.01"]
[Round "5"]
[White "GigaQuparadze"]
[Black "Nikolaj_6"]
[Result "1-0"]
[WhiteElo "2906"]
[BlackElo "2624"]
[TimeControl "180+1"]
[EndTime "10:52:12 PST"]
[Termination "GigaQuparadze won by resignation"]

1. e4 c5 2. Ne2 Nf6 3. Nbc3 d6 4. d4 cxd4 5. Nxd4 a6 6. h3 e5 7.
Nde2 h5 8. g3 Be7 9. Bg2 Nbd7 10.
O-O b5 11. a4 b4 12. Nd5 Nxd5 13. Qxd5 Rb8 14. Be3 h4 15. g4 O-O 16. f4 Bb7 17.
Qd3 exf4 18. Nxf4 Ne5 19. Qe2 Bg5 20. Rad1 Qc7 21. Kh1 Bxf4 22. Bxf4 Rbc8 23. Rd4 a5 24.
Rf2 Qb6 25. Be3 Qc6 26. b3 Qc3 27. Qd2 Qxd2 28. Rfxd2 Rfd8 29. Bg5 f6 30. Bxh4 Rc3 31. Kh2 Rdc8 32. Rxd6 Rxc2 33. Bg3 Rxd2 34. Rxd2 Rc3 35. g5 Rxb3 36. gxf6 gxf6 37. Bxe5 fxe5 38. Rd8+ Kf7 39. Rd7+ Ke6 40. Rxb7 Ra3 41. h4 Kf6 42. Rb6+ Kg7 43. h5 Rxa4 44. h6+ Kh7 45. Bh3 1-0

[Event "*** Titled Tuesday Blitz"]
[Site "Chess.com"]
[Date "2020.12.01"]
[Round "5"]
[White "stoleriu"]
[Black "WeAintSurePal"]
[Result "1/2-1/2"]
[WhiteElo "2552"]
[BlackElo "2371"]
[TimeControl "180+1"]
[EndTime "10:52:13 PST"]
[Termination "Game drawn by repetition"]

1. e4 e6 2. d4 d5 3. Nc3 dxe4 4. Nxe4 Nf6 5. Nxf6+ gxf6 6. Nf3 Nc6 7. Bb5 Qd5 8. c4 Qe4+ 9. Qe2 Qxe2+ 10. Kxe2 Bd7 11. Re1 Bb4 12. Bd2 Bxd2 13. Kxd2 a6 14. Bxc6 Bxc6 15. d5 O-O-O 16. Kc3 exd5 17. Nd4 Be8 18. c5 Bd7 19. Re7 Rhf8 20. Rae1 Rde8 21. Nf5 Kd8 22. Rxe8+ Rxe8 23. Rxe8+ Kxe8 24. Ne3 c6 25. Kd4 Ke7 26. f4 f5 27. h4 Kf6 28. g3 Ke6 29. b4 f6 30.
a4 Be8 31. a5 Bh5 32. Kc3 Bf3 33. Kd4 Be4 34. Kc3 Bf3 35. Kd4 Be4 36. Kc3 Bf3 1/2-1/2

[Event "*** Titled Tuesday Blitz"]
[Site "Chess.com"]
[Date "2020.12.01"]
[Round "5"]
[White "catzapto"]
[Black "orestn"]
[Result "1-0"]
[WhiteElo "2130"]
[BlackElo "2300"]
[TimeControl "180+1"]
[EndTime "10:52:13 PST"]
[Termination "catzapto won by resignation"]

1. e4 e5 2. Nf3 Nc6 3. d4 exd4 4. Bc4 Nf6 5. e5 d5 6. Bb5 Ne4 7. Nxd4 Bd7 8. Bxc6 bxc6 9. O-O Bc5 10. Be3 O-O 11.
f3 Ng5 12. f4 Ne4 13. Nd2 Nxd2 14. Qxd2 Qb8 15. f5 Re8 16. f6 g6 17. Nxc6 Bxe3+ 18.
Qxe3 Qb6 19. Ne7+ Kh8 20. Rae1 Qxe3+ 21. Rxe3 Be6 22. Rf4 h5 23. g4 Bxg4 24. Rxg4 hxg4 25. Rc3 Rab8 26. b3 Rb7 27. h3 Rxe7 28. fxe7 Rb8 29.
Rxc7 Kg7 30. Rd7 Re8 31. Rxa7 gxh3 32. Kh2 f5 33. exf6+ Kxf6 34. Kxh3 Rxe7 35. Rxe7 Kxe7 36. Kg4 Kf6 37. a4 Ke5 38. Kg5 1-0

[Event "*** Titled Tuesday Blitz"]
[Site "Chess.com"]
[Date "2020.12.01"]
[Round "5"]
[White "picturesquecheck"]
[Black "Oglob71"]
[Result "1-0"]
[WhiteElo "2170"]
[BlackElo "2431"]
[TimeControl "180+1"]
[EndTime "10:52:15 PST"]
[Termination "picturesquecheck won by checkmate"]

1. e4 c5 2. Nf3 d6 3. d4 cxd4 4. Nxd4 Nf6 5. Nc3 Nc6 6. Bg5 Bd7 7. Qd2 Rc8 8. f4 Nxd4 9. Qxd4 Qa5 10. e5 dxe5 11.
fxe5 e6 12. O-O-O Bb4 13. Bxf6 O-O 14. Qg4 g6 15. Bc4 Bxc3 16. bxc3 Qa3+ 17. Kb1 Qxc3 18. Bb3 Rc7 19. Qh3 Qxh3 20. gxh3 Bc6 21. Rhg1 Rfc8 22.
Rd2 h6 23. h4 Kh7 24. h5 g5 25. h4 Be4 26. hxg5 hxg5 27. Rxg5 Rg8 28. Rxg8 Kxg8 29.
Rd8+ Kh7 30. Rh8# 1-0

[Event "*** Titled Tuesday Blitz"]
[Site "Chess.com"]
[Date "2020.12.01"]
[Round "5"]
[White "Rodalquilar"]
[Black "Kotofeyca"]
[Result "1-0"]
[WhiteElo "2693"]
[BlackElo "2471"]
[TimeControl "180+1"]
[EndTime "10:52:21 PST"]
[Termination "Rodalquilar won on time"]

1. d4 d5 2. Bf4 c6 3. e3 Qb6 4. Qc1 Bf5 5. Nf3 e6 6. Be2 Nf6 7. O-O Be7 8. c4 c5 9. Nc3 dxc4 10. Na4 Qa5 11. Nxc5 Bxc5 12. dxc5 Qxc5 13. Qxc4 Qxc4 14. Bxc4 O-O 15. Nd4 Be4 16. f3 Bd5 17. Be2 Nh5 18.
Bd6 Rd8 19. Ba3 Nc6 20. Nb5 Na5 21. b3 a6 22. Nd6 Nf6 23. Rfd1 Bc6 24. b4 Rxd6 25.
Rxd6 1-0

[Event "*** Titled Tuesday Blitz"]
[Site "Chess.com"]
[Date "2020.12.01"]
[Round "5"]
[White "Pertinhez76"]
[Black "NitaLucian"]
[Result "0-1"]
[WhiteElo "2026"]
[BlackElo "2306"]
[TimeControl "180+1"]
[EndTime "10:52:23 PST"]
[Termination "NitaLucian won by resignation"]

1. d4 d6 2. Nf3 Nd7 3. Nc3 e5 4. e4 Ngf6 5. Bc4 Be7 6. O-O O-O 7. Be3 c6 8. a4 a5 9. h3 Nb6 10. Bb3 Nfd7 11. Qe2 exd4 12. Nxd4 Nc5 13. Rfe1 Nxb3 14.
cxb3 d5 15. e5 Be6 16. f4 g6 17. g4 c5 18. Nxe6 fxe6 19. Nb5 d4 20. Bd2 Nd5 21.
Rf1 b6 22. Rae1 Qd7 23. Kh2 Rae8 24. Rf3 Bh4 25. Rg1 Bd8 26. Nd6 Re7 27. f5 exf5 28.
Bh6 Qxd6 29. Bxf8 Kxf8 30. gxf5 Rxe5 31. Qxe5 Qxe5+ 32. Rgg3 gxf5 33. Kg2 Ne3+ 34. Kf2 Nd1+ 35. Kf1 Bh4 0-1

[Event "*** Titled Tuesday Blitz"]
[Site "Chess.com"]
[Date "2020.12.01"]
[Round "5"]
[White "joejan"]
[Black "Hypercar"]
[Result "0-1"]
[WhiteElo "2274"]
[BlackElo "2476"]
[TimeControl "180+1"]
[EndTime "10:52:24 PST"]
[Termination "Hypercar won by resignation"]

1. e4 d5 2. Nc3 d4 3. Nce2 e5 4. Ng3 c5 5. Bc4 Nc6 6. Nf3 f6 7. d3 Bd7 8. O-O Qc7 9. a3 O-O-O 10. c3 g6 11. Re1 Bd6 12. Bd2 dxc3 13. bxc3 Nge7 14. Be3 h5 15. d4 cxd4 16. cxd4 exd4 17. Nxd4 Nxd4 18. Qxd4 Nc6 19. Qxf6 Be5 20. Qxg6 h4 21. Nf1 h3 22. g3 Bxa1 23. Rxa1 Ne5 24. Qg7 Nxc4 25.
Bf4 Qc6 26. Rc1 Rhg8 27. Qd4 Be6 28. Qxa7 Qxe4 29. Qb8+ Kd7 30. Qc7+ Ke8 0-1

[Event "*** Titled Tuesday Blitz"]
[Site "Chess.com"]
[Date "2020.12.01"]
[Round "5"]
[White "midedu"]
[Black "kidagent"]
[Result "1-0"]
[WhiteElo "2097"]
[BlackElo "2283"]
[TimeControl "180+1"]
[EndTime "10:52:27 PST"]
[Termination "midedu won by resignation"]

1. e4 c5 2. Nc3 Nc6 3. g3 g6 4. Bg2 Bg7 5. Nge2 e6 6. O-O Nge7 7. d3 O-O 8. Bg5 a6 9. Qd2 b5 10. Bh6 Bb7 11. Bxg7 Kxg7 12. d4 cxd4 13. Nxd4 Nxd4 14. Qxd4+ f6 15. Rad1 Bc6 16. e5 fxe5 17. Qxe5+ Kg8 18.
Bxc6 Nxc6 19. Qd6 Rf7 20. Ne4 Qf8 21. c3 Qxd6 22. Rxd6 Ne5 23. b3 Nf3+ 24. Kg2 Kg7 25. Rfd1 Ra7 26. Nc5 Rc7 27. b4 a5 28. Rxd7 Rcxd7 29. Rxd7 1-0

[Event "*** Titled Tuesday Blitz"]
[Site "Chess.com"]
[Date "2020.12.01"]
[Round "5"]
[White "Mambastik-Fantastic"]
[Black "26andrej26"]
[Result "0-1"]
[WhiteElo "2316"]
[BlackElo "2492"]
[TimeControl "180+1"]
[EndTime "10:52:31 PST"]
[Termination "26andrej26 won by resignation"]

1. e4 c5 2. Nf3 d6 3. d4 cxd4 4.
Nxd4 Nf6 5. Nc3 a6 6. Be3 e5 7. Nb3 Be6 8. Qd2 Nbd7 9. O-O-O Rc8 10. f4 Be7 11. f5 Bc4 12. g4 Nxg4 13. Rg1 Nxe3 14.
Qxe3 g6 15. Kb1 Nf6 16. Bxc4 Rxc4 17. Nd2 Rc6 18. Nf3 Qb6 19. Qd2 O-O 20. Ka1 Rfc8 21. fxg6 hxg6 22. Qh6 Bf8 23. Rxg6+ fxg6 24. Qxg6+ Bg7 25.
Rg1 R6c7 26. Qxf6 Qxg1+ 0-1

[Event "*** Titled Tuesday Blitz"]
[Site "Chess.com"]
[Date "2020.12.01"]
[Round "5"]
[White "Xeniya2005"]
[Black "Zkid"]
[Result "0-1"]
[WhiteElo "2433"]
[BlackElo "2774"]
[TimeControl "180+1"]
[EndTime "10:52:37 PST"]
[Termination "Zkid won by resignation"]

1. e4 e6 2. d4 d5 3. Bd3 dxe4 4. Bxe4 Nf6 5. Bf3 c5 6. Ne2 Nc6 7. Be3 cxd4 8. Nxd4 Ne5 9. Be2 Nd5 10. Bd2 Be7 11.
O-O O-O 12. Kh1 Nc6 13. Nxc6 bxc6 14. c4 Nf6 15. Nc3 c5 16. Bf3 Rb8 17. Qc2 Bb7 18.
Bxb7 Rxb7 19. Be3 Qb8 20. b3 Ng4 21. g3 Nxe3 22. fxe3 Qe5 23. Rae1 Rd7 24. e4 Rfd8 25. Re2 Rd3 26. Nd1 Bg5 27. Qb2 Qc7 28. Ref2 Rxd1 0-1

[Event "*** Titled Tuesday Blitz"]
[Site "Chess.com"]
[Date "2020.12.01"]
[Round "5"]
[White "biostatistician"]
[Black "tigra"]
[Result "0-1"]
[WhiteElo "2571"]
[BlackElo "2781"]
[TimeControl "180+1"]
[EndTime "10:52:39 PST"]
[Termination "tigra won by resignation"]

1. d4 Nf6 2. Nf3 g6 3. c4 c5 4. Nc3 cxd4 5. Nxd4 Nc6 6. e4 d6 7.
Be2 Bg7 8. Be3 O-O 9. O-O Bd7 10. Rc1 Nxd4 11. Bxd4 Bc6 12. f3 a5 13. Nd5 Nd7 14.
Be3 e6 15. Nc3 Nc5 16. Qd2 Be5 17. Bf4 Qe7 18. Rfd1 Rad8 19. Bf1 f5 20. Bg5 Qc7 21. Bxd8 Qxd8 22. exf5 Rxf5 23. Qf2 Qg5 24. Kh1 Qf4 25. Qg1 Rh5 26. h3 Rxh3+ 27. gxh3 Qxf3+ 28. Qg2 Qxh3+ 29. Kg1 Bxg2 30. Bxg2 Qe3+ 31. Kh1 Bd4 32. Kh2 Qf4+ 33. Kh3 Bf2 0-1

[Event "*** Titled Tuesday Blitz"]
[Site "Chess.com"]
[Date "2020.12.01"]
[Round "5"]
[White "Kaslask"]
[Black "Road2GM3000"]
[Result "1-0"]
[WhiteElo "2333"]
[BlackElo "2127"]
[TimeControl "180+1"]
[EndTime "10:52:41 PST"]
[Termination "Kaslask won by resignation"]

1. d4 d5 2. c4 c6 3. Nc3 Nf6 4.
e3 e6 5. Nf3 Bd6 6. Bd3 Nbd7 7.
O-O O-O 8. e4 dxe4 9. Nxe4 Nxe4 10. Bxe4 Nf6 11. Bc2 c5 12. Bg5 h6 13. Bh4 cxd4 14.
Qd3 g6 15. Rad1 Be7 16. Ne5 g5 17. Ng4 Re8 18. Nxh6+ Kg7 19. Nxf7 Kxf7 20. Qg6+ Kf8 21. Bxg5 Ng8 22. Bh6+ Nxh6 23. Qxh6+ Kg8 24. Qh7+ Kf8 25. Bg6 1-0

[Event "*** Titled Tuesday Blitz"]
[Site "Chess.com"]
[Date "2020.12.01"]
[Round "5"]
[White "Kildepiotr"]
[Black "vwnv7"]
[Result "1-0"]
[WhiteElo "2628"]
[BlackElo "2411"]
[TimeControl "180+1"]
[EndTime "10:52:43 PST"]
[Termination "Kildepiotr won by resignation"]

1. Nf3 d5 2. g3 c6 3. Bg2 Nf6 4. O-O Bg4 5. d3 Nbd7 6. Nbd2 e5 7. e4 dxe4 8. dxe4 Bc5 9. h3 Bh5 10. Qe1 O-O 11. Nh4 Re8 12. Nf5 Bf8 13. Nb3 Nc5 14.
Nxc5 Bxc5 15. Be3 Bf8 16. Qc3 Qc7 17. g4 Bg6 18. Ng3 Nd7 19. Rfd1 a5 20. a3 f6 21. Bf1 Bf7 22. Bc4 Bxc4 23. Qxc4+ Kh8 24. Nf5 Nb6 25. Qb3 Ra6 26. a4 Nc8 27. Rd3 c5 28.
Qb5 Rc6 29. Rad1 Nd6 30. Nxd6 Bxd6 31. Rxd6 h5 32. Rxc6 bxc6 33. Qxc5 hxg4 34. hxg4 Qc8 35. f3 1-0

[Event "*** Titled Tuesday Blitz"]
[Site "Chess.com"]
[Date "2020.12.01"]
[Round "5"]
[White "FrostNova"]
[Black "PSvidler"]
[Result "1/2-1/2"]
[WhiteElo "3007"]
[BlackElo "2867"]
[TimeControl "180+1"]
[EndTime "10:52:47 PST"]
[Termination "Game drawn by agreement"]

1. e4 c5 2. Nf3 d6 3. d4 cxd4 4. Nxd4 Nf6 5. Nc3 a6 6. Rg1 g6 7. g4 Bg7 8. g5 Nfd7 9. h4 Nc6 10. Be3 Nde5 11. Be2 Be6 12. Nxe6 fxe6 13. f4 Nd7 14. Bc4 Qa5 15. Bxe6 Bxc3+ 16. bxc3 Qxc3+ 17. Kf2 Rf8 18. Qd3 Qxd3 19. cxd3 Nc5 20. Bc4 b5 21. Bd5 Nxd3+ 22. Kg3 Ndb4 23. Bb3 Kd7 24. Rgd1 Na5 1/2-1/2

[Event "*** Titled Tuesday Blitz"]
[Site "Chess.com"]
[Date "2020.12.01"]
[Round "5"]
[White "KventinKarantino"]
[Black "bratkoo"]
[Result "0-1"]
[WhiteElo "2300"]
[BlackElo "2544"]
[TimeControl "180+1"]
[EndTime "10:52:52 PST"]
[Termination "bratkoo won by resignation"]

1. e4 g6 2. d4 Bg7 3. Nc3 d6 4. f4 a6 5. Nf3 b5 6. Bd3 Nd7 7. O-O c5 8. e5 cxd4 9. Nxd4 dxe5 10. fxe5 Nxe5 11. Be3 Nf6 12. Be2 O-O 13. Kh1 Bb7 14. Qe1 b4 15. Na4 Nd5 16. Bg1 Rc8 17. Rd1 Qa5 18. b3 Nc6 19. Nxc6 Bxc6 20. Bf3 e6 21. Bc5 Rfd8 22. Qf2 Bxa4 23. Bxd5 Qxc5 24. Qxf7+ Kh8 25. bxa4 exd5 26. Rfe1 Rf8 27. Qb7 Rce8 0-1

[Event "*** Titled Tuesday Blitz"]
[Site "Chess.com"]
[Date "2020.12.01"]
[Round "5"]
[White "pastouche06"]
[Black "Ladislav1969"]
[Result "0-1"]
[WhiteElo "2495"]
[BlackElo "2358"]
[TimeControl "180+1"]
[EndTime "10:52:54 PST"]
[Termination "Ladislav1969 won by resignation"]

1. d4 Nf6 2. c4 g6 3. f3 d5 4. cxd5 Nxd5 5. e4 Nb6 6. Nc3 Bg7 7. Be3 Nc6 8. d5 Ne5 9. f4 Ng4 10. Bd4 e5 11. Bxb6 axb6 12. Bb5+ Kf8 13. f5 Qg5 14. Nf3 Qe3+ 15. Qe2 gxf5 16. exf5 Bxf5 17. h3 Qxe2+ 18. Kxe2 Nf6 19. Rhf1 Ne4 20. Nxe4 Bxe4 21. Rad1 Rxa2 22.
Ng5 Rxb2+ 23. Ke3 Bg6 24. Ne6+ Ke7 25. Nxg7 Rxb5 26. Rc1 Rc5 27. g4 Rd8 0-1

[Event "*** Titled Tuesday Blitz"]
[Site "Chess.com"]
[Date "2020.12.01"]
[Round "5"]
[White "RaneshRatnesan"]
[Black "Andrii_Prydun"]
[Result "0-1"]
[WhiteElo "2144"]
[BlackElo "2342"]
[TimeControl "180+1"]
[EndTime "10:52:54 PST"]
[Termination "Andrii_Prydun won by resignation"]

1. d4 d5 2. b3 c6 3. Bb2 Nf6 4. Nf3 Bf5 5. e3 e6 6. Be2 h6 7. Nbd2 Bd6 8. O-O Nbd7 9. Ne5 Qe7 10. Ndf3 O-O 11. Rc1 Ba3 12. Bxa3 Qxa3 13. Ra1 Rac8 14. Bd3 Bxd3 15. Qxd3 c5 16. c4 cxd4 17. Qxd4 Nxe5 18. Nxe5 Qc5 19. Rfd1 Rfd8 20. Rac1 Qa3 21. cxd5 Rxc1 0-1

[Event "*** Titled Tuesday Blitz"]
[Site "Chess.com"]
[Date "2020.12.01"]
[Round "5"]
[White "Chuchofrio1"]
[Black "marabu44"]
[Result "0-1"]
[WhiteElo "2455"]
[BlackElo "2284"]
[TimeControl "180+1"]
[EndTime "10:52:55 PST"]
[Termination "marabu44 won by checkmate"]

1. e4 e5 2. Nf3 Nc6 3. Bc4 d6 4. O-O Bg4 5. h3 Bh5 6. c3 Be7 7.
d3 Nf6 8. Be3 O-O 9. Nbd2 d5 10.
exd5 Nxd5 11. Qb3 Nxe3 12. fxe3 Na5 13. Qc2 Nxc4 14. Nxc4 f6 15. Qb3 Bf7 16. Qxb7 Qxd3 17. b3 Bxc4 18. bxc4 Qxe3+ 19. Kh1 Qc5 20. Rab1 Bd6 21.
Qb3 e4 22. Nd4 Kh8 23. Rf5 Be5 24. Ne6 Qe3 25. Nxf8 Rxf8 26. Qb4 c5 27. Qb7 Bd6 28. Qd5 Qg3 29. Kg1 Qe3+ 30. Kf1 Bh2 31. Re1 Qg1+ 32. Ke2 Qxg2+ 33. Rf2 Qxh3 34. Qxc5 Qd3# 0-1

[Event "*** Titled Tuesday Blitz"]
[Site "Chess.com"]
[Date "2020.12.01"]
[Round "5"]
[White "Faqade"]
[Black "zverr1"]
[Result "1-0"]
[WhiteElo "2705"]
[BlackElo "2478"]
[TimeControl "180+1"]
[EndTime "10:52:58 PST"]
[Termination "Faqade won by checkmate"]

1. e4 e6 2. d4 d5 3. Nd2 c5 4. Ngf3 Nc6 5. exd5 exd5 6. Bb5 Qe7+ 7. Be2 Qc7 8. Bb5 Qe7+ 9. Be2 Qc7 10. O-O cxd4 11.
Nb3 Nf6 12. Re1 Be7 13. Nbxd4 O-O 14. Bd3 Bg4 15. h3 Bh5 16. Nf5 Bc5 17. Bg5 Ne5 18.
Rxe5 Bxf3 19. Qe1 Be4 20. Bxf6 gxf6 21. Rxe4 dxe4 22. Qxe4 Kh8 23. Ne7 Bxf2+ 24. Kh1 f5 25. Qxf5 Kg7 26. Qg5+ Kh8 27. Qf6# 1-0

[Event "*** Titled Tuesday Blitz"]
[Site "Chess.com"]
[Date "2020.12.01"]
[Round "5"]
[White "GMaka"]
[Black "Matols"]
[Result "1-0"]
[WhiteElo "2448"]
[BlackElo "2224"]
[TimeControl "180+1"]
[EndTime "10:52:58 PST"]
[Termination "GMaka won by resignation"]

1. d4 Nf6 2. c4 e6 3. Nc3 Bb4 4. e3 O-O 5. Ne2 Re8 6. a3 Bf8 7. b4 b6 8. Nf4 Bb7 9. Bd3 d6 10. Nh5 Nbd7 11. O-O c5 12. Bb2 Rc8 13. Ng3 e5 14. d5 g6 15. f4 Bg7 16. f5 a6 17.
e4 Bh6 18. Bc1 Bxc1 19. Qxc1 Kg7 20. fxg6 fxg6 21. Qg5 Rf8 22. Nf5+ Kh8 23. Nxd6 Rb8 24. b5 a5 25. Rf2 Ba8 26. Raf1 1-0

[Event "*** Titled Tuesday Blitz"]
[Site "Chess.com"]
[Date "2020.12.01"]
[Round "5"]
[White "bylavochka"]
[Black "MF1966Idrisov"]
[Result "1-0"]
[WhiteElo "2222"]
[BlackElo "2376"]
[TimeControl "180+1"]
[EndTime "10:52:58 PST"]
[Termination "bylavochka won by resignation"]

1. e4 c5 2. Nf3 d6 3. d4 cxd4 4. Nxd4 Nf6 5. Nc3 g6 6. Be3 Bg7 7. f3 O-O 8. Qd2 b6 9. g4 Bb7 10. O-O-O Nbd7 11. h4 Ne5 12. h5 Rc8 13. Kb1 Nc4 14.
Bxc4 Rxc4 15. hxg6 fxg6 16. Ne6 Qc8 17. Nxf8 Qxf8 18. Bh6 Nd7 19. Bxg7 Qxg7 20. Nd5 Nf6 21. Nxf6+ Qxf6 22. Qh6 Qf7 23. Qg5 Rc5 24. Qe3 Re5 25.
Rh3 h5 26. gxh5 gxh5 27. Rg3+ Kf8 28. Qh6+ Ke8 29. Qh8+ Kd7 30. Qxe5 1-0

[Event "*** Titled Tuesday Blitz"]
[Site "Chess.com"]
[Date "2020.12.01"]
[Round "5"]
[White "AliKa2810"]
[Black "dpopadic"]
[Result "1-0"]
[WhiteElo "2580"]
[BlackElo "2397"]
[TimeControl "180+1"]
[EndTime "10:52:59 PST"]
[Termination "AliKa2810 won by resignation"]

1. d4 Nf6 2. c4 g6 3. Nc3 Bg7 4. e4 d6 5. f4 O-O 6. Nf3 c5 7. d5 e6 8. Be2 exd5 9. cxd5 Bg4 10. O-O a6 11. a4 Nbd7 12. h3 Bxf3 13. Bxf3 Qc7 14.
Be3 c4 15. g4 Nc5 16. g5 Nfd7 17. Qe2 Nb3 18. Rad1 Rfe8 19. Qg2 Rab8 20. h4 b5 21. axb5 axb5 22. e5 Ndc5 23. Ne4 Nxe4 24. Bxe4 dxe5 25. d6 Qd8 26. f5 Nd4 27. fxg6 hxg6 28. Bd5 Rf8 29. h5 gxh5 30. g6 Qxd6 31. Bxf7+ Kh8 32. Qh3 Rxf7 33. Qxh5+ Kg8 34. Qh7+ Kf8 35. Rxf7+ 1-0

[Event "*** Titled Tuesday Blitz"]
[Site "Chess.com"]
[Date "2020.12.01"]
[Round "5"]
[White "Ermito2020"]
[Black "ikhasu"]
[Result "1-0"]
[WhiteElo "2608"]
[BlackElo "2427"]
[TimeControl "180+1"]
[EndTime "10:53:00 PST"]
[Termination "Ermito2020 won by resignation"]

1. e4 c5 2. Nf3 Nc6 3. Bb5 d6 4. O-O Nf6 5. e5 dxe5 6. Nxe5 Bd7 7. Nxc6 Bxc6 8. Bxc6+ bxc6 9. Nc3 e6 10. d3 Bd6 11.
Bg5 h6 12. Bh4 g5 13. Bg3 O-O 14. Qf3 Nd5 15. Bxd6 Qxd6 16. Ne4 Qe7 17. c4 Nf4 18. g3 Nh3+ 19. Kg2 f5 20. Nc3 Qd6 21. Qh5 g4 22. Qg6+ Kh8 23. Qxh6+ Kg8 24. Qg6+ Kh8 25. Rae1 Rae8 26.
Re3 f4 27. Qh5+ Kg7 28. Qxg4+ Kf7 29. Ne4 Qe5 30. Qxh3 fxe3 31. Qh7+ Qg7 32. fxe3+ 1-0

[Event "*** Titled Tuesday Blitz"]
[Site "Chess.com"]
[Date "2020.12.01"]
[Round "5"]
[White "A-S-00"]
[Black "Skatchkov_V"]
[Result "0-1"]
[WhiteElo "2320"]
[BlackElo "2502"]
[TimeControl "180+1"]
[EndTime "10:53:00 PST"]
[Termination "Skatchkov_V won by checkmate"]

1. e4 e5 2. Nf3 d5 3. exd5 e4 4. Qe2 Nf6 5. Nc3 Be7 6. Nxe4 Nxd5 7. d3 O-O 8. g3 Re8 9. Be3 f5 10. Ned2 Bf6 11. O-O-O Nc6 12. Bg2 Be6 13. Kb1 f4 14. gxf4 Nxf4 15. Qf1 Nxg2 16. Qxg2 Qd5 17. Nb3 a5 18. c4 Qf5 19. Nfd4 Qe5 20. Rhe1 a4 21. f4 Qh5 22. Nxe6 Rxe6 23. Nc5 Rxe3 24. Rxe3 Qxd1# 0-1

[Event "*** Titled Tuesday Blitz"]
[Site "Chess.com"]
[Date "2020.12.01"]
[Round "5"]
[White "FMKonstantin_Twitch"]
[Black "VladimirBugayev"]
[Result "1-0"]
[WhiteElo "2602"]
[BlackElo "2285"]
[TimeControl "180+1"]
[EndTime "10:53:00 PST"]
[Termination "FMKonstantin_Twitch won on time"]

1. d4 Nf6 2. Bf4 g6 3. e3 Bg7 4. Nc3 d6 5. Nf3 O-O 6. h3 Nc6 7. Be2 Re8 8. O-O a6 9. a4 b6 10. Bh2 Bb7 11. Qd2 e6 12. Rfd1 Ne7 13. Qe1 Ne4 14. Nxe4 Bxe4 15. c3 Bb7 16. Qf1 a5 17. Nd2 Qc8 18. Bb5 c6 19. Bd3 Ba6 20. Nc4 Bxc4 21. Bxc4 d5 22. Bd3 Qd7 23. c4 Red8 24. Rac1 Rac8 25. b3 Nf5 26. Qe1 Nh4 27. f3 Qe7 28. Kh1 Nf5 29. Qf2 Qg5 30. Bf4 1-0

[Event "*** Titled Tuesday Blitz"]
[Site "Chess.com"]
[Date "2020.12.01"]
[Round "5"]
[White "onetowin"]
[Black "maxz1996"]
[Result "0-1"]
[WhiteElo "1998"]
[BlackElo "2215"]
[TimeControl "180+1"]
[EndTime "10:53:01 PST"]
[Termination "maxz1996 won by resignation"]

1. d4 d5 2. Nf3 Nf6 3. g3 Bf5 4.
Bg2 e6 5. O-O Be7 6. c4 c6 7. Nfd2 O-O 8. Nc3 Nbd7 9. e4 dxe4 10. Ndxe4 Nxe4 11. Nxe4 Nf6 12. Nc5 Bxc5 13. dxc5 Qa5 14.
Be3 Rfd8 15. Qb3 Rd7 16. Rad1 Rad8 17. Bf4 Be4 18. Bd6 Bxg2 19. Kxg2 Ne4 20. Qd3 Nxc5 21. b4 Nxd3 22. bxa5 Rxd6 0-1

[Event "*** Titled Tuesday Blitz"]
[Site "Chess.com"]
[Date "2020.12.01"]
[Round "5"]
[White "cukin84"]
[Black "Nadeev_Sergey"]
[Result "0-1"]
[WhiteElo "2186"]
[BlackElo "2455"]
[TimeControl "180+1"]
[EndTime "10:53:04 PST"]
[Termination "Nadeev_Sergey won by resignation"]

1. e4 e5 2. Nf3 Nc6 3. c3 d5 4.
Qa4 f6 5. Bb5 Ne7 6. d3 Be6 7.
O-O a6 8. Bxc6+ Nxc6 9. Rd1 b5 10.
Qc2 Bd6 11. Nbd2 O-O 12. Nf1 Ne7 13. d4 dxe4 14. Qxe4 Bd5 15. Qe2 e4 16. N3d2 f5 17. Ne3 c6 18. Ndf1 Ng6 19. g3 f4 20. Nxd5 cxd5 21. b3 Rc8 22. a4 Qd7 23. axb5 axb5 24. Ra6 f3 25. Qa2 Qh3 26. Ne3 Nh4 27. Rxd6 Ng2 28.
Rxd5 Nxe3 29. fxe3 f2+ 30. Qxf2 Rxf2 31. Kxf2 Qxh2+ 32. Ke1 Qxg3+ 33. Ke2 Qg2+ 34. Ke1 Rf8 0-1

[Event "*** Titled Tuesday Blitz"]
[Site "Chess.com"]
[Date "2020.12.01"]
[Round "5"]
[White "yoelpolanco"]
[Black "vladgoncharov"]
[Result "0-1"]
[WhiteElo "2236"]
[BlackElo "2467"]
[TimeControl "180+1"]
[EndTime "10:53:08 PST"]
[Termination "vladgoncharov won on time"]

1. c4 Nf6 2. Nc3 c5 3. g3 g6 4. Bg2 Bg7 5. Nf3 d6 6. d3 Nc6 7. O-O Bg4 8. h3 Bxf3 9. Bxf3 O-O 10. Bg2 a6 11. a3 Rb8 12. Rb1 Ne8 13. Bd2 Nc7 14.
b4 Ne6 15. Nd5 Ncd4 16. e3 Nf5 17. Qc2 Nc7 18. Nc3 b5 19. cxb5 Nxb5 20. Nxb5 axb5 21.
Rfc1 cxb4 22. Rxb4 e6 23. Rcb1 d5 24. Qb3 Nd6 25. Bc3 Bxc3 26. Qxc3 Rc8 27. Qb2 Qa5 0-1